 Dungeon Crawl Stone Soup version 0.21.1-1-g345015f (webtiles) character file.

130 Fang the Skirmisher (level 5, -10/49 HPs)
             Began as a Gargoyle Berserker on July 24, 2018.
             Was a Believer of Trog.
             Mangled by a gnoll
             ... wielding a +0 halberd
              (14 damage)
             ... on level 3 of the Dungeon.
             The game lasted 00:01:53 (2218 turns).

Fang the Skirmisher (Gargoyle Berserker)            Turns: 2218, Time: 00:01:53

Health: -10/49     AC:  6    Str: 27    XL:     5   Next: 14%
Magic:  5/5        EV: 12    Int:  7    God:    Trog [**....]
Gold:   94         SH:  0    Dex:  9    Spells: 4/4 levels left

rFire    . . .     SeeInvis .   a - +0 hand axe
rCold    . . .     Gourm    .   (no shield)
rNeg     + . .     Faith    .   b - +0 animal skin
rPois    ∞         Spirit   .   (no helmet)
rElec    +         Reflect  .   (no cloak)
rCorr    .         Harm     .   (no gloves)
MR       .....                  (no boots)
Stlth    ..........             (no amulet)
HPRegen  0.16/turn              k - ring of loudness (curse)
MPRegen  0.09/turn              (no ring)

@: berserking, very quick
A: negative energy resistance 1, electricity resistance, unbreathing,
petrification resistance, rot immunity, AC +4
a: Berserk, Trog's Hand, Burn Spellbooks, Renounce Religion


You were on level 3 of the Dungeon.
You worshipped Trog.
Trog was pleased with you.
You were very hungry.

You visited 1 branch of the dungeon, and saw 3 of its levels.

You collected 94 gold pieces.

Inventory:

Hand Weapons
 a - a +0 hand axe (weapon)
Armour
 b - a +0 animal skin (worn)
Jewellery
 k - a cursed ring of loudness (left hand)
 m - a cursed ring of teleportation {unknown}
Scrolls
 d - 4 scrolls of identify {unknown}
 e - a scroll of remove curse {unknown}
 h - a scroll of amnesia {unknown}
 l - a scroll of fog {unknown}
Potions
 f - 2 potions of heal wounds {unknown}
 g - 2 potions of curing {unknown}
 i - 2 potions of resistance {unknown}
 j - a potion of agility
 n - a potion of degeneration {unknown}
Comestibles
 c - 9 rations


   Skills:
 + Level 4.2 Fighting
 + Level 4.2 Axes
 + Level 2.3 Armour
 + Level 2.1 Dodging
 + Level 0.1 Stealth


You had 4 spell levels left.
You didn't know any spells.

Dungeon Overview and Level Annotations

Branches:
Dungeon (3/15)

Altars:
Ru


Innate Abilities, Weirdness & Mutations

You are resistant to torment.
Your stone body is resilient. (AC +4)
You are immune to poison.
You resist negative energy. (rN+)
You are resistant to electric shocks. (rElec)
You can survive without breathing.
You are immune to petrification.
You are immune to rotting.


Message History

The kobold hits you but does no damage. The gnoll barely misses you.
The gnoll hits you from afar with a spear.
* * * LOW HITPOINT WARNING * * *
You miss the kobold.
The kobold is severely wounded.
You barely miss the gnoll. You hit the gnoll. The gnoll closely misses you.
The gnoll hits you but does no damage. The kobold misses you.
The gnoll barely misses you.
The gnoll hits you from afar with a halberd!
* * * LOW HITPOINT WARNING * * *
You closely miss the kobold.
The kobold is severely wounded.
You closely miss the gnoll. You hit the gnoll.
You feel the power of Trog in you as your rage grows.
You kill the gnoll!
Trog accepts your kill. The gnoll hits you but does no damage.
The kobold hits you but does no damage. The gnoll barely misses you.
The gnoll hits you with a halberd!
You die...

### ########### ..#
#.......(.# #.#
#.#######.# #.#
#.#######.###
#.#####.#.......@g#
#.......#.#####Kg.......
..†.....# ..g.g......
...####.#######.........
##.# #.........<.$......
##.###.#.#######........
........†).....+........
...###.##..#.###........
#### #.....#.#


You could see 3 gnolls, a hobgoblin and a kobold.

Vanquished Creatures
  An orc wizard (D:3)
  A gnoll (D:3)
  2 adders (D:2)
  A worm (D:2)
  2 dart slugs
  3 leopard geckos
  3 orcs (D:3)
  A giant cockroach (D:2)
  11 goblins
  9 hobgoblins
  5 kobolds
  2 quokkas
  3 ball pythons
  2 bats
  7 frilled lizards
  A quokka skeleton (D:3)
  8 rats
62 creatures vanquished.

Notes
Turn   | Place    | Note
-------+----------+-------------------------------------------
     0 | D:1      | Fang the Gargoyle Berserker began the quest for the Orb.
     0 | D:1      | Reached XP level 1. HP: 14/14 MP: 1/1
    93 | D:1      | Reached XP level 2. HP: 9/19 MP: 2/2
   888 | D:2      | Reached XP level 3. HP: 14/24 MP: 3/3
  1096 | D:2      | Reached ** piety under Trog
  1383 | D:2      | Reached XP level 4. HP: 8/29 MP: 4/4
  2072 | D:3      | Found a sacrificial altar of Ru.
  2103 | D:3      | Reached XP level 5. HP: 28/33 MP: 5/5
  2218 | D:3      | Mangled by a gnoll

Skill      XL: |  1  2  3  4 |
---------------+-------------+-----
Axes           | 3 4 |  4.2
Fighting       | 4 |  4.2
Dodging        | 2 |  2.1
Armour         | |  2.3
Stealth        | |  0.1

Action                   |  1- 3 |  4- 6 || total
-------------------------+-------+-------++-------
Melee: Hand axe          |   111 |    86 ||   197
Invok: Berserk           |     1 |     1 ||     2
 Stab: Invisible         |       |     1 ||     1
       Paralysed         |       |     1 ||     1
  Eat: Chunk             |     1 |     4 ||     5
Armor: Animal skin       |    30 |    28 ||    58
Dodge: Dodged            |    63 |    70 ||   133
